TOP OF THE 1ST |
Tennessee Smokies batting - Pitching for Chattanooga Lookouts : LHP Ryan Costello
|
Pitching: LHP Ryan Costello
|
|
Batting: LHB Jason Tuttle
|
0-0: Foul Ball, location: 7LSF 0-1: Foul Ball, location: 2F 0-2: Ball 1-2: Ball 2-2: Foul Ball, location: 3DF 2-2: Fly out, F7 (Flyball, 7D, EV 93.1 MPH)
|
Batting: RHB Rene Capellan
|
0-0: Called Strike 0-1: Foul Ball, location: 9LDF 0-2: Foul Ball, location: 2F 0-2: Ball 1-2: Foul Ball, location: 2F 1-2: Fly out, F3 (Popup, 3F, EV 60.6 MPH)
|
Batting: LHB Carlos Arroyo
|
0-0: Ball 1-0: SINGLE (Line Drive, 8LS, EV 97.5 MPH)
|
Batting: RHB Alejandro Mateo
|
0-0: Called Strike 0-1: Called Strike 0-2: Strikes out swinging
|
Top of the 1st over - 0 runs, 1 hit, 0 errors, 1 left on base; Tennessee 0 - Chattanooga 0 |
BOTTOM OF THE 1ST |
Chattanooga Lookouts batting - Pitching for Tennessee Smokies : RHP Diego Martinez
|
Pitching: RHP Diego Martinez
|
|
Batting: RHB Ed Rogers
|
0-0: Called Strike 0-1: Fly out, F3 (Popup, 3F, EV 69.4 MPH)
|
Batting: RHB Donnie Murphy
|
0-0: Ball 1-0: Ball 2-0: SINGLE (Groundball, 4D, EV 95.0 MPH)
|
Batting: LHB Jeremy Hermida
|
0-0: Swinging Strike 0-1: Ball 1-1: Called Strike Donnie Murphy steals 2nd base 1-2: Foul Ball, location: 9LMF 1-2: Strikes out swinging
|
Batting: RHB Clarence Myers
|
0-0: Ground out 5-3 (Groundball, 56S, EV 82.5 MPH)
|
Bottom of the 1st over - 0 runs, 1 hit, 0 errors, 1 left on base; Tennessee 0 - Chattanooga 0 |
TOP OF THE 2ND |
Tennessee Smokies batting - Pitching for Chattanooga Lookouts : LHP Ryan Costello
|
Batting: RHB Ivan Rios
|
0-0: Ball 1-0: Called Strike 1-1: Foul Ball, location: 2F 1-2: Ball 2-2: Fly out, F8 (Line Drive, 8LS, EV 96.3 MPH)
|
Batting: RHB Matt Allegra
|
0-0: Ball 1-0: Foul Ball, location: 2F 1-1: Ball 2-1: Fly out, F8 (Line Drive, 8LM, EV 91.9 MPH)
|
Batting: RHB Mike DiRosa
|
0-0: Fly out, F9 (Flyball, 9D, EV 111.9 MPH)
|
Top of the 2nd over - 0 runs, 0 hits, 0 errors, 0 left on base; Tennessee 0 - Chattanooga 0 |
BOTTOM OF THE 2ND |
Chattanooga Lookouts batting - Pitching for Tennessee Smokies : RHP Diego Martinez
|
Batting: RHB Daniel Flores
|
0-0: Ball 1-0: Foul Ball, location: 2F 1-1: Fly out, F8 (Flyball, 8RD, EV 103.8 MPH)
|
Batting: LHB Kevin Vital
|
0-0: Foul Ball, location: 5F 0-1: Foul Ball, location: 2F 0-2: Ball 1-2: Foul Ball, location: 2F 1-2: Strikes out swinging
|
Batting: LHB Matt Bok
|
0-0: Fly out, F7 (Flyball, 7, EV 86.3 MPH)
|
Bottom of the 2nd over - 0 runs, 0 hits, 0 errors, 0 left on base; Tennessee 0 - Chattanooga 0 |
TOP OF THE 3RD |
Tennessee Smokies batting - Pitching for Chattanooga Lookouts : LHP Ryan Costello
|
Batting: LHB Nic Jackson
|
0-0: Ball 1-0: Swinging Strike 1-1: Ball 2-1: SINGLE (Groundball, 4MD, EV 102.5 MPH)
|
Batting: RHB Santiago Flores
|
0-0: Sac Bunt to 15 - play at second, runner OUT! 1-6
|
Batting: LHB Jason Tuttle
|
0-0: Called Strike 0-1: Ball 1-1: Sac Bunt to 15S - play at second, runner safe!
|
Batting: RHB Rene Capellan
|
0-0: Ball 1-0: Swinging Strike 1-1: Called Strike 1-2: SINGLE (Groundball, 6MD, EV 93.8 MPH) Santiago Flores to third Jason Tuttle to second Runner from 3rd tries for Home, SAFE, throw by CF to home Jason Tuttle to third Rene Capellan to second
|
Batting: LHB Carlos Arroyo
|
0-0: Ball 1-0: Fly out, F9 (Line Drive, 89S, EV 91.3 MPH)
|
Batting: RHB Alejandro Mateo
|
0-0: SINGLE (Line Drive, 89S, EV 90.6 MPH) Jason Tuttle scores Rene Capellan to third Throwing error, E8 Rene Capellan scores Alejandro Mateo to second
|
Batting: RHB Ivan Rios
|
0-0: Ball 1-0: Ball 2-0: Called Strike 2-1: Swinging Strike 2-2: Strikes out swinging
|
Top of the 3rd over - 3 runs, 3 hits, 1 error, 1 left on base; Tennessee 3 - Chattanooga 0 |
BOTTOM OF THE 3RD |
Chattanooga Lookouts batting - Pitching for Tennessee Smokies : RHP Diego Martinez
|
Batting: RHB Jose Acosta
|
0-0: Ground out 5-3 (Groundball, 5S, EV 89.4 MPH)
|
Batting: RHB Yoshiyuki Tomoto
|
0-0: Foul Ball, location: 2F 0-1: Fly out, F7 (Flyball, 78D, EV 105.6 MPH)
|
Batting: RHB Ed Rogers
|
0-0: Ball 1-0: Ball 2-0: Ball 3-0: Called Strike 3-1: Base on Balls
|
Batting: RHB Donnie Murphy
|
0-0: Ball 1-0: Ball 2-0: Fly out, F8 (Flyball, 8LD, EV 105.6 MPH)
|
Bottom of the 3rd over - 0 runs, 0 hits, 0 errors, 1 left on base; Tennessee 3 - Chattanooga 0 |
TOP OF THE 4TH |
Tennessee Smokies batting - Pitching for Chattanooga Lookouts : LHP Ryan Costello
|
Batting: RHB Matt Allegra
|
0-0: Swinging Strike 0-1: Ball 1-1: Foul Ball, location: 9LSF 1-2: SINGLE (Flyball, 8RS, EV 99.4 MPH)
|
Batting: RHB Mike DiRosa
|
0-0: Called Strike 0-1: Ball 1-1: SINGLE (Groundball, 3D, EV 96.9 MPH) Matt Allegra to second
|
Batting: LHB Nic Jackson
|
0-0: Swinging Strike 0-1: Foul Ball, location: 5F 0-2: SINGLE (Groundball, 34D, EV 107.5 MPH) Matt Allegra to third Mike DiRosa to second
|
Batting: RHB Santiago Flores
|
0-0: Ball 1-0: Swinging Strike 1-1: Grounds into double play, 5-4-3 (Groundball, 56, EV 86.9 MPH) Matt Allegra scores Mike DiRosa to third
|
Batting: LHB Jason Tuttle
|
0-0: Called Strike 0-1: Ball 1-1: Swinging Strike 1-2: Ball 2-2: Strikes out swinging
|
Top of the 4th over - 1 run, 3 hits, 0 errors, 1 left on base; Tennessee 4 - Chattanooga 0 |
BOTTOM OF THE 4TH |
Chattanooga Lookouts batting - Pitching for Tennessee Smokies : RHP Diego Martinez
|
Batting: LHB Jeremy Hermida
|
0-0: Foul Ball, location: 2LF 0-1: Swinging Strike 0-2: Strikes out looking
|
Batting: RHB Clarence Myers
|
0-0: Ball 1-0: Ball 2-0: Ball 3-0: Called Strike 3-1: Foul Ball, location: 9LMFF 3-2: Strikes out looking
|
Batting: RHB Daniel Flores
|
0-0: Called Strike 0-1: Fly out, F3 (Popup, 23F, EV 88.1 MPH)
|
Bottom of the 4th over - 0 runs, 0 hits, 0 errors, 0 left on base; Tennessee 4 - Chattanooga 0 |
TOP OF THE 5TH |
Tennessee Smokies batting - Pitching for Chattanooga Lookouts : LHP Ryan Costello
|
Batting: RHB Rene Capellan
|
0-0: Swinging Strike 0-1: Ground out 5-3 (Groundball, 56, EV 95.6 MPH)
|
Batting: LHB Carlos Arroyo
|
0-0: Fly out, F6 (Popup, P, EV 85.0 MPH)
|
Batting: RHB Alejandro Mateo
|
0-0: Called Strike 0-1: Swinging Strike 0-2: Strikes out swinging
|
Top of the 5th over - 0 runs, 0 hits, 0 errors, 0 left on base; Tennessee 4 - Chattanooga 0 |
BOTTOM OF THE 5TH |
Chattanooga Lookouts batting - Pitching for Tennessee Smokies : RHP Diego Martinez
|
Batting: LHB Kevin Vital
|
0-0: Ball 1-0: Ball 2-0: Called Strike 2-1: Foul Ball, location: 3F 2-2: Strikes out swinging
|
Batting: LHB Matt Bok
|
0-0: Swinging Strike 0-1: Swinging Strike 0-2: Ball 1-2: Ball 2-2: Foul Ball, location: 3DF 2-2: Strikes out swinging
|
Batting: RHB Jose Acosta
|
0-0: Ground out 6-3 (Groundball, 56, EV 104.4 MPH)
|
Bottom of the 5th over - 0 runs, 0 hits, 0 errors, 0 left on base; Tennessee 4 - Chattanooga 0 |
TOP OF THE 6TH |
Tennessee Smokies batting - Pitching for Chattanooga Lookouts : LHP Ryan Costello
|
Batting: RHB Ivan Rios
|
0-0: Ground out 6-3 (Groundball, 6M, EV 79.4 MPH)
|
Batting: RHB Matt Allegra
|
0-0: Called Strike 0-1: Ball 1-1: Swinging Strike 1-2: Fly out, F8 (Flyball, 8RM, EV 86.9 MPH)
|
Batting: RHB Mike DiRosa
|
0-0: Foul Ball, location: 3FF 0-1: Ball 1-1: Ball 2-1: Ball 3-1: Fly out, F8 (Flyball, 8RXD, EV 97.5 MPH)
|
Top of the 6th over - 0 runs, 0 hits, 0 errors, 0 left on base; Tennessee 4 - Chattanooga 0 |
BOTTOM OF THE 6TH |
Chattanooga Lookouts batting - Pitching for Tennessee Smokies : RHP Diego Martinez
|
Batting: RHB Yoshiyuki Tomoto
|
0-0: Foul Ball, location: 2F 0-1: Ground out 6-3 (Groundball, 6, EV 104.4 MPH)
|
Batting: RHB Ed Rogers
|
0-0: Ball 1-0: Called Strike 1-1: Foul Ball, location: 2F 1-2: Ball 2-2: Foul Ball, location: 2F 2-2: Fly out, F3 (Popup, 3SF, EV 80.0 MPH)
|
Batting: RHB Donnie Murphy
|
0-0: Ball 1-0: Ball 2-0: Ball 3-0: Called Strike 3-1: SINGLE (Line Drive, 8LS, EV 92.5 MPH)
|
Batting: LHB Jeremy Hermida
|
0-0: Ball Donnie Murphy steals 2nd base 1-0: Ball 2-0: SINGLE (Groundball, 6MD, EV 105.0 MPH) Donnie Murphy to third Runner from 3rd tries for Home, SAFE, throw by CF to home
|
Batting: RHB Clarence Myers
|
0-0: Ball 1-0: Ground out 4-3 (Groundball, 34D, EV 108.1 MPH)
|
Bottom of the 6th over - 1 run, 2 hits, 0 errors, 1 left on base; Tennessee 4 - Chattanooga 1 |
TOP OF THE 7TH |
Tennessee Smokies batting - Pitching for Chattanooga Lookouts : LHP Ryan Costello
|
Batting: LHB Nic Jackson
|
0-0: Ball 1-0: Fly out, F6 (Popup, 6D, EV 62.5 MPH)
|
Batting: RHB Santiago Flores
|
0-0: SINGLE (Groundball, 4MD, EV 97.5 MPH)
|
Batting: LHB Jason Tuttle
|
0-0: Ball 1-0: Foul Ball, location: 3FF 1-1: Ball 2-1: Ball 3-1: Base on Balls Santiago Flores to second
|
Batting: RHB Rene Capellan
|
0-0: Ball 1-0: Ball 2-0: SINGLE (Line Drive, 8LS, EV 109.4 MPH) Santiago Flores to third Jason Tuttle to second Runner from 3rd tries for Home, SAFE, throw by CF to home
|
Pitching: RHP Steve Andrade
|
|
Batting: LHB Carlos Arroyo
|
0-0: Swinging Strike 0-1: Ball 1-1: Ball 2-1: Fielders Choice at 2nd, 6-4 (Groundball, 56, EV 108.1 MPH) Jason Tuttle to third
|
Batting: RHB Alejandro Mateo
|
0-0: Ball 1-0: Foul Ball, location: 9LSF 1-1: DOUBLE (Line Drive, 9LM, EV 101.9 MPH) Jason Tuttle scores Carlos Arroyo to third
|
Batting: RHB Ivan Rios
|
0-0: Ball 1-0: Swinging Strike 1-1: Called Strike 1-2: Strikes out swinging
|
Top of the 7th over - 2 runs, 3 hits, 0 errors, 2 left on base; Tennessee 6 - Chattanooga 1 |
BOTTOM OF THE 7TH |
Chattanooga Lookouts batting - Pitching for Tennessee Smokies : RHP Diego Martinez
|
Batting: RHB Daniel Flores
|
0-0: Ball 1-0: Fly out, F7 (Flyball, 7, EV 79.4 MPH)
|
Batting: LHB Kevin Vital
|
0-0: Ball 1-0: Called Strike 1-1: DOUBLE (Line Drive, 7LS, EV 97.5 MPH)
|
Pitching: RHP J.D. Scholten
|
|
Batting: LHB Matt Bok
|
0-0: Ball 1-0: Ball 2-0: SINGLE (Line Drive, 8RS, EV 93.1 MPH) Kevin Vital to third Throwing error, E8 Kevin Vital scores Matt Bok to second
|
Batting: RHB Jose Acosta
|
0-0: Swinging Strike 0-1: Called Strike 0-2: Strikes out swinging
|
Batting: RHB Yoshiyuki Tomoto
|
0-0: Ball 1-0: Foul Ball, location: 3FF 1-1: Called Strike 1-2: Fly out, F6 (Line Drive, 6, EV 73.8 MPH)
|
Bottom of the 7th over - 1 run, 2 hits, 1 error, 1 left on base; Tennessee 6 - Chattanooga 2 |
TOP OF THE 8TH |
Tennessee Smokies batting - Pitching for Chattanooga Lookouts : RHP Steve Andrade
|
Batting: RHB Matt Allegra
|
0-0: Called Strike 0-1: Swinging Strike 0-2: Foul Ball, location: 7LMF 0-2: Strikes out swinging
|
Batting: RHB Mike DiRosa
|
0-0: Ball 1-0: Foul Ball, location: 9LDF 1-1: Foul Ball, location: 2F 1-2: Strikes out swinging
|
Batting: LHB Nic Jackson
|
0-0: Ball 1-0: Ground out 6-3 (Groundball, 56, EV 79.4 MPH)
|
Top of the 8th over - 0 runs, 0 hits, 0 errors, 0 left on base; Tennessee 6 - Chattanooga 2 |
BOTTOM OF THE 8TH |
Chattanooga Lookouts batting - Pitching for Tennessee Smokies : RHP J.D. Scholten
|
Batting: RHB Ed Rogers
|
0-0: Swinging Strike 0-1: Ball 1-1: Ball 2-1: Ground out 4-3 (Groundball, 4, EV 92.5 MPH)
|
Batting: RHB Donnie Murphy
|
0-0: Fly out, F2 (Popup, 23F, EV 90.6 MPH)
|
Batting: LHB Jeremy Hermida
|
0-0: Ball 1-0: Ball 2-0: Fly out, F9 (Line Drive, 9D, EV 98.1 MPH)
|
Bottom of the 8th over - 0 runs, 0 hits, 0 errors, 0 left on base; Tennessee 6 - Chattanooga 2 |
TOP OF THE 9TH |
Tennessee Smokies batting - Pitching for Chattanooga Lookouts : RHP Steve Andrade
|
Batting: RHB Santiago Flores
|
0-0: Ball 1-0: Foul Ball, location: 5SF 1-1: Foul Ball, location: 2F 1-2: Foul Ball, location: 2F 1-2: Foul Ball, location: 2F 1-2: Ground out 6-3 (Groundball, 6, EV 90.0 MPH)
|
Batting: LHB Jason Tuttle
|
0-0: Called Strike 0-1: Foul Ball, location: 2F 0-2: Ground out 4-3 (Groundball, 4, EV 83.1 MPH)
|
Batting: RHB Rene Capellan
|
0-0: Foul Ball, location: 2F 0-1: Fly out, F8 (Line Drive, 8LM, EV 89.4 MPH)
|
Top of the 9th over - 0 runs, 0 hits, 0 errors, 0 left on base; Tennessee 6 - Chattanooga 2 |
BOTTOM OF THE 9TH |
Chattanooga Lookouts batting - Pitching for Tennessee Smokies : RHP J.D. Scholten
|
Now at 1B: Nick Alvarez
|
|
Batting: RHB Clarence Myers
|
0-0: Foul Ball, location: 23F 0-1: Ball 1-1: Foul Ball, location: 2F 1-2: SINGLE (Line Drive, 56D, EV 93.8 MPH)
|
Batting: RHB Daniel Flores
|
0-0: Called Strike 0-1: Ball 1-1: Ball 2-1: Ball 3-1: Foul Ball, location: 2F 3-2: Base on Balls Clarence Myers to second
|
Pitching: RHP Leo Rosales
|
|
Batting: LHB Kevin Vital
|
0-0: Ball 1-0: Fielders Choice at 2nd, 3-6 (Groundball, 34, EV 84.4 MPH) Clarence Myers to third
|
Batting: LHB Matt Bok
|
0-0: Ball 1-0: Ball 2-0: Called Strike 2-1: Called Strike 2-2: Foul Ball, location: 2F 2-2: Ball 3-2: Foul Ball, location: 2F 3-2: Foul Ball, location: 3SF 3-2: Fly out, F8 (Line Drive, 8LS, EV 90.0 MPH)
|
Batting: RHB Jose Acosta
|
0-0: Ball 1-0: Ball 2-0: 3-RUN HOME RUN (Flyball, 89XD, EV 105.6 MPH), Distance : 413 ft
|
Batting: RHB Yoshiyuki Tomoto
|
0-0: Ball 1-0: Called Strike 1-1: Called Strike 1-2: Foul Ball, location: 5FF 1-2: Strikes out swinging
|
Bottom of the 9th over - 3 runs, 2 hits, 0 errors, 0 left on base; Tennessee 6 - Chattanooga 5 |
|